 Dungeon Crawl Stone Soup version 0.29-a0-541-gaf1fc19f1b (webtiles) character file.

Game seed: 6851621286886718853

732 xian the Covered (level 7, -1/59 HPs)
             Began as a Demigod Fighter on June 3, 2022.
             Succumbed to a gnoll's poison
             ... on level 4 of the Dungeon.
             The game lasted 00:16:34 (5507 turns).

xian the Covered (Demigod Fighter)                  Turns: 5507, Time: 00:16:35

Health: -1/59      AC: 11    Str: 23 (25) XL:     7   Next: 21%
Magic:  0/9        EV: 14    Int:  7 (10) God:
Gold:   174        SH:  4    Dex: 11 (13) Spells: 6/6 levels left

rFire   . . .      SeeInvis .   h - +0 dagger (drain)
rCold   + . .      Faith    .   b - +0 buckler
rNeg    . . .      Spirit   +   a - +0 scale mail
rPois   .          Reflect  .   j - +2 hat
rElec   .          Harm     .   (no cloak)
rCorr   .          Rampage  .   (no gloves)
Will    .....                   d - +1 pair of boots
Stlth   +.........              w - amulet of guardian spirit
HPRegen 0.19/turn               s - +4 ring of evasion
MPRegen 0.11/turn               (no ring)

@: lethally poisoned (-1 -> -16)
A: high MP 1, forlorn, divine attributes, horns 1, talons 1, camouflage 1, cold
resistance 1
a: no special abilities


You were on level 4 of the Dungeon.
You visited 1 branch of the dungeon, and saw 4 of its levels.

You collected 174 gold pieces.

Inventory:

Hand Weapons
 h - a +0 dagger of draining (weapon)
Armour
 a - a +0 scale mail (worn)
 b - a +0 buckler (worn)
 d - a +1 pair of boots (worn)
 f - a +2 helmet
 j - a +2 hat (worn)
Jewellery
 s - a +4 ring of evasion (left hand)
 w - an amulet of guardian spirit (around neck)
Wands
 c - a wand of flame (9)
Scrolls
 e - a scroll of magic mapping {unknown}
 g - a scroll of vulnerability {unknown}
 i - a scroll of fear {unknown}
 l - a scroll of fog {unknown}
 q - a scroll of enchant weapon {unknown}
 t - a scroll of torment {unknown}
 u - 2 scrolls of identify
Potions
 r - a potion of mutation


   Skills:
 + Level 4.1 Fighting
 + Level 3.2 Short Blades
 + Level 4.4 Armour
 + Level 2.9 Dodging
 + Level 1.1 Stealth
 + Level 4.1 Shields
 + Level 1.9 Unarmed Combat
 + Level 0.1 Evocations


You had 6 spell levels left.
You didn't know any spells.
Your spell library contained the following spells:

 Spells                   Type           Power      Damage    Failure   Level
 Call Canine Familiar     Summ           0%         N/A       99%         3
 Portal Projectile        Hex/Tloc       0%         N/A       99%         3
 Animate Dead             Necr           0%         N/A       100%        4
 Leda's Liquefaction      Hex/Erth       0%         N/A       100%        4
 Haunt                    Necr/Summ      0%         N/A       100%        7
 Infestation              Necr           0%         N/A       100%        8


Dungeon Overview and Level Annotations

Branches:
Dungeon (4/15)
 Temple: D:4-7

Shops:
D:1 !

Annotations:
D:4 1 transporter


Innate Abilities, Weirdness & Mutations

You have an increased reservoir of magic. (+10% MP)
You shall have no god before yourself.
Your divine heritage dramatically boosts your attributes as you level up.
You have a pair of small horns on your head.
You have sharp toenails.
Your skin changes colour to match your surroundings (Stealth+).
Your flesh is cold resistant. (rC+)


Message History

The gnoll hits you but does no damage. x2
You are poisoned.
You can move again.
Okay, then.
As you read the scroll labelled YNEIJA UXUMI, it crumbles to dust.
It is a scroll of amnesia.
You feel forgetful for a moment.
You feel sick. The gnoll barely misses you. You block the gnoll's attack.
The gnoll hits you with a +0 whip.
The gnoll hits you from afar with a +2 spear of venom.
* * * LOW HITPOINT WARNING * * *
You are lethally poisoned!
As you read the scroll labelled ROMIDGH MOEK, it crumbles to dust.
It is a scroll of identify.
n - a scroll of summoning
* * * LOW HITPOINT WARNING * * *
You feel very sick. The gnoll hits you but does no damage.
The gnoll zaps a wand.
You easily resist.
The gnoll closely misses you.
The gnoll hits you from afar with a +2 spear of venom.
You are more poisoned.
As you read the scroll of summoning, it crumbles to dust.
Wisps of shadow whirl around you...
* * * LOW HITPOINT WARNING * * *
You feel very sick. The gnoll hits you but does no damage.
The gnoll barely misses you. You block the gnoll's attack.
The gnoll closely misses you.
Unknown command.
Okay, then.
Blink to where?
Press: ? - help, Dir - move target
As you read the scroll labelled VOACSO UB ALUDO, it crumbles to dust.
It was a scroll of blinking.
* * * LOW HITPOINT WARNING * * *
You feel very sick. The gnoll barely misses you.
Your hobgoblin barely misses the gnoll.
Your orc hits the gnoll but does no damage.
It was a potion of degeneration.
There was something very wrong with that liquid.
You feel weakened.
You feel dopey.
You feel clumsy.
You die...

.......≈≈#...###.#####.###...#≈≈†
.......≈≈###............ ..###≈≈.
.......≈≈.8#.##'###'## #.#8.≈≈.
.......≈≈.##.#oS.#..8# ##.≈≈.
.......≈≈.#..g.g...©⌠# g#.≈≈.
######.≈≈.##.#g.g#..8# .#.##.≈≈.
.......≈≈.8#.##g###'######.#8.≈≈.
.......≈≈###...........[...###≈≈.
.......≈≈#...###@#####.###...#≈≈.
##'###.≈≈#.#.#.###.©.###.#g#.#≈≈.
#...#..≈≈#####...........#####≈≈.
#...'..≈≈≈≈≈≈≈≈≈≈≈...≈≈≈≈≈≈≈≈≈≈≈.
#...#..≈≈≈≈≈≈≈≈≈≈≈...≈≈≈≈≈≈≈≈≈≈≈.
'...#............................
#####......................######
########################


You could see 4 gnolls, a friendly adder (summoned), a friendly orc (summoned)
and a friendly hobgoblin (summoned).

Vanquished Creatures
  2 black bears (D:4)
  2 ogres (D:4)
  A killer bee (D:4)
  2 hounds (D:4)
  2 jellies (D:4)
  A gnoll shaman (D:4)
  An iguana (D:4)
  3 adders
  4 gnolls (D:4)
  An ufetubus (D:4)
  An adder zombie (D:3)
  4 worms
  6 orcs
  8 bats
  3 endoplasms
  3 giant cockroaches
  5 goblins
  8 hobgoblins
  4 quokkas
  15 ball pythons
  A ball python zombie (D:3)
  A frilled lizard (D:1)
  6 kobolds
  A quokka zombie (D:3)
  6 rats
91 creatures vanquished.

Vanquished Creatures (others)
  6 plants (D:4)
6 creatures vanquished.

Grand Total: 97 creatures vanquished

Notes
Turn   | Place    | Note
-------+----------+-------------------------------------------
     0 | D:1      | xian the Demigod Fighter began the quest for the Orb.
     0 | D:1      | Reached XP level 1. HP: 18/18 MP: 3/3
   201 | D:1      | Found Keups's Distillery.
   344 | D:1      | Reached XP level 2. HP: 18/26 MP: 4/4
  1353 | D:2      | Reached XP level 3. HP: 23/31 MP: 5/5
  1953 | D:2      | Reached skill level 1 in Short Blades
  2633 | D:3      | Reached XP level 4. HP: 27/38 MP: 6/6
  2731 | D:3      | You fall into a shaft and drop 1 floor!
  2736 | D:4      | Identified the +0 halberd "Vaimi" {elec, +Blink rElec}
  2800 | D:4      | Found a transporter.
  2800 | D:4      | Found a transporter.
  2851 | D:4      | Reached skill level 1 in Dodging
  3150 | D:4      | Reached XP level 5. HP: 42/45 MP: 7/7
  3167 | D:4      | Noticed a black bear
  3199 | D:4      | Killed a black bear
  3745 | D:4      | Noticed an ogre
  3803 | D:4      | Killed an ogre
  3804 | D:4      | Reached XP level 6. HP: 23/51 MP: 8/8
  4448 | D:4      | Reached skill level 1 in Stealth
  4741 | D:4      | Reached XP level 7. HP: 26/58 MP: 3/9
  4847 | D:4      | HP: 2/59 [poisoned by a killer bee]
  4866 | D:4      | Gained mutation: Your skin changes colour to match your
                  | surroundings (Stealth+). [potion of mutation]
  4866 | D:4      | Gained mutation: You have sharp toenails. [potion of
                  | mutation]
  4866 | D:4      | Gained mutation: Your flesh is cold resistant. (rC+)
                  | [potion of mutation]
  4866 | D:4      | Gained mutation: You have a pair of small horns on your
                  | head. [potion of mutation]
  5500 | D:4      | Paralysed by a gnoll for 2 turns
  5506 | D:4      | HP: 1/59 [poisoned by a gnoll]
  5507 | D:4      | Succumbed to a gnoll's poison

Illustrated notes

Levels and vault maps discovered:
D:1:      lemuel_arrival_funnel, layout_loops_ring, serial_shops, shop_statue,
          roderic_roman_lattice, minmay_cut_off
D:2:      layout_loops_cross
D:3:      layout_basic, nicolae_overflow_crystal_walls,
          nicolae_yredelemnul_corpse_copse, serial_shops, shop
D:4:      layout_gridville, gammafunk_ghost_gnarly_gnolls, st_stairs_2,
          nzn_random_ring

Skill      XL: |  1  2  3  4  5  6  7 |
---------------+----------------------+-----
Fighting       | 3 4 |  4.1
Armour         | 3 4 |  4.4
Short Blades   | 1 2 3 |  3.2
Shields        | 3 4 |  4.1
Dodging        | 1 2 |  2.9
Stealth        | 1 |  1.1
Unarmed Combat | |  1.9
Evocations     | |  0.1

Action                   |  1- 3 |  4- 6 |  7- 9 || total
-------------------------+-------+-------+-------++-------
Melee: Dagger            |   389 |   329 |    57 ||   775
       Unarmed           |     5 |       |       ||     5
       Headbutt          |       |       |     2 ||     2
Evoke: Wand              |       |     3 |       ||     3
  Use: Potion            |       |     7 |     3 ||    10
       Scroll            |       |     3 |     4 ||     7
 Stab: Invisible         |       |     3 |       ||     3
Armor: Scale mail        |   238 |   107 |    31 ||   376
       Skin              |       |    46 |       ||    46
Dodge: Dodged            |   184 |   202 |    57 ||   443
Block: Buckler           |    89 |    91 |    24 ||   204

Table legend: (Time is in decaauts)
 A = Elapsed time spent in this place.
 B = Non-inter-level travel time spent in this place.
 C = Inter-level travel time spent in this place.
 D = Time resting spent in this place.
 E = Time spent auto-exploring this place.
 F = Levels seen in this place.
 G = Mean time per level.
                   A        B        C        D        E       F      G
               +--------+--------+--------+--------+--------+-----+--------+
         Total |   5483 |   5405 |     78 |    392 |   3380 |   4 | 1370.8 |
       Dungeon |   5483 |   5405 |     78 |    392 |   3380 |   4 | 1370.8 |
               +--------+--------+--------+--------+--------+-----+--------+

Top non-repeatable levels by time:
     D:4: 2748 daAuts
     D:1: 1158 daAuts
     D:2: 1151 daAuts
     D:3: 425 daAuts
